 Dungeon Crawl Stone Soup version 0.28.0-61-g67df4f89a8 (webtiles) character file.

Game seed: 11946771145870823335

1295916 jjjjhere the Eclecticist (level 25, 207/207 HPs)
             Began as a Demonspawn Brigand on Feb 10, 2023.
             Was a High Priest of Sif Muna.
             Escaped with the Orb
             ... and 3 runes on Feb 12, 2023!
             The game lasted 05:00:30 (122558 turns).

jjjjhere the Eclecticist (Demonspawn Brigand)     Turns: 122558, Time: 05:00:30

Health: 207/207    AC: 25    Str: 20 (23) XL:     25   Next: 81%
Magic:  43/43      EV: 17    Int: 23 (26) God:    Sif Muna [*****.]
Gold:   4327       SH: 17    Dex: 13 (14) Spells: 15/64 levels left

rFire   + + +      SeeInvis +   v - +9 quick blade (vorpal)
rCold   + . .      Faith    .   L - +5 kite shield {AC+3}
rNeg    + + .      Spirit   .   f - +3 robe of Clouds {*Thunder rCloud rElec}
rPois   +          Reflect  .   U - +4 hat "Joeshrepe" {Regen+ Str+6 Int+2}
rElec   +          Harm     .   O - +2 cloak "Ocirgh" {Will+ Int+4 Stlth+}
rCorr   +          Rampage  .   n - -1 pair of gloves "Xudam" {Drain rF+++ SInv}
Will    +++..                   (boots unavailable)
Stlth   ++........              X - amulet of Cowardice {Acrobat rF+ rCorr}
HPRegen 1.24/turn               B - ring of Beogh's Benevolence {rC+ rN++ MP-9}
MPRegen 0.28/turn               S - +4 ring of protection

@: studying Bows
A: hooves 3, molten scales 3, demonic guardian 3, hurl damnation, torment
resistance 1, demonic magic 2, demonic willpower, horns 1, high MP 1, poison
resistance, screaming 1, shaggy fur 1, evolution 1, no potion heal 1, sturdy
frame 1
0: Orb of Zot
}: 3/15 runes: decaying, serpentine, slimy
a: Hurl Damnation, Renounce Religion, Channel Magic, Forget Spell, Divine
Exegesis


You escaped.
You worshipped Sif Muna.
Sif Muna was extremely pleased with you.
You visited 10 branches of the dungeon, and saw 52 of its levels.
You visited the Abyss 6 times.
You visited 1 bazaar.
You also visited: Gauntlet.

You collected 6463 gold pieces.
You spent 2136 gold pieces at shops.

Inventory:

Hand Weapons
 v - a +9 vorpal quick blade (weapon)
Missiles
 d - 6 datura-tipped darts
 e - 6 curare-tipped darts
 j - a throwing net (quivered)
Armour
 f - the +3 robe of Clouds (worn) {*Thunder rCloud rElec}
   (You bought it in a shop on level 2 of the Orcish Mines)

   It occasionally creates storm clouds above nearby enemies.
   It grants its wearer immunity to clouds.
   rElec:     It insulates you from electricity.
 n - the -1 pair of gloves "Xudam" (worn) {Drain rF+++ SInv}
   (You found it on level 3 of the Dungeon)

   rF:        It renders you almost immune to fire.
   SInv:      It lets you see invisible.
   Drain:     It drains your maximum health when unequipped.
 t - a +2 kite shield of poison resistance
 L - a +5 kite shield of protection (worn)
 O - the +2 cloak "Ocirgh" (worn) {Will+ Int+4 Stlth+}
   (You bought it in a shop on level 14 of the Dungeon)

   Int:       It affects your intelligence (+4).
   Will:      It increases your willpower.
   Stlth:     It makes you more stealthy.
 U - the +4 hat "Joeshrepe" (worn) {Regen+ Str+6 Int+2}
   (You acquired it on level 5 of the Pits of Slime)

   Str:       It affects your strength (+6).
   Int:       It affects your intelligence (+2).
   Regen:     It increases your rate of health regeneration.
 Z - a +0 tower shield of resistance
Jewellery
 a - the ring of Eceucor {rPois Str+6 Slay+5 SInv}
   (You acquired it on level 3 of the Realm of Zot)

   [ring of strength]

   Str:       It affects your strength (+6).
   Slay:      It affects your accuracy & damage with ranged weapons and melee
   (+5).
   rPois:     It protects you from poison.
   SInv:      It lets you see invisible.
 o - the amulet of Zacid {Reflect rPois rN+ rCorr SH+5}
   (You took it off a deep elf annihilator on level 3 of the Elven Halls)

   [amulet of reflection]

   It reflects blocked missile attacks.
   rPois:     It protects you from poison.
   rN:        It protects you from negative energy.
   rCorr:     It protects you from acid and corrosion.
   SH:        It affects your SH (+5).
 y - a ring of flight
 B - the ring of Beogh's Benevolence (left hand) {rC+ rN++ MP-9}
   (You found it on level 8 of the Dungeon)

   [ring of protection from cold]

   rC:        It protects you from cold.
   rN:        It greatly protects you from negative energy.
   MP:        It affects your magic capacity (-9).
 D - a ring of wizardry
 K - a ring of protection from fire
 N - a ring of positive energy
 R - a ring of ice
 S - a +4 ring of protection (right hand)
 W - the ring of the Madman {rF+ SInv}
   (You found it in a Gauntlet)

   [ring of see invisible]

   rF:        It protects you from fire.
   SInv:      It lets you see invisible.
 X - the amulet of Cowardice (around neck) {Acrobat rF+ rCorr}
   (You found it in a Gauntlet)

   [amulet of the acrobat]

   It increases your evasion while moving and waiting.
   rF:        It protects you from fire.
   rCorr:     It protects you from acid and corrosion.
Wands
 b - a wand of paralysis (19)
 c - a wand of iceblast (51)
 s - a wand of mindburst (27)
 u - a wand of digging (18)
 x - a wand of charming (21)
 M - a wand of polymorph (17)
 T - a wand of acid (20)
Scrolls
 k - 5 scrolls of enchant armour
 m - 13 scrolls of fog
 r - 5 scrolls of teleportation
 C - 5 scrolls of fear
 F - 3 scrolls of magic mapping
 P - 4 scrolls of amnesia
 Y - 3 scrolls of blinking
Potions
 g - 7 potions of flight
 h - 6 potions of mutation
 i - 7 potions of heal wounds
 l - 2 potions of haste
 p - 5 potions of invisibility
 q - 5 potions of ambrosia
 w - 26 potions of curing
 z - 7 potions of cancellation
 A - 10 potions of brilliance
 G - a potion of resistance
 H - 7 potions of might
 I - 3 potions of berserk rage
 V - 5 potions of magic
Miscellaneous
 E - a box of beasts
 Q - a condenser vane


   Skills:
 + Level 19.1 Fighting
 - Level 7.0 Short Blades
 - Level 1.7 Throwing
 - Level 8.1 Armour
 + Level 14.3 Dodging
 - Level 10.1 Stealth
 - Level 13.9 Shields
 + Level 20.2 Spellcasting
 - Level 16.4 Conjurations
 - Level 2.5 Hexes
 - Level 17.0 Summonings
 - Level 14.2 Translocations
 - Level 4.5 Transmutations
 - Level 8.6 Fire Magic
 - Level 1.3 Ice Magic
 - Level 1.3 Air Magic
 - Level 2.0 Earth Magic
 - Level 6.2 Invocations
 - Level 2.6 Evocations


You had 15 spell levels left.
You knew the following spells:

 Your Spells              Type           Power      Damage    Failure   Level
a - Magic Dart            Conj           100%       1d8       0%          1
b - Searing Ray           Conj           100%       2d8       0%          2
c - Spellforged Servitor  Conj/Summ      39%        N/A       3%          7
d - Malign Gateway        Summ/Tloc      38%        N/A       4%          7
e - Freezing Cloud        Conj/Ice/Air   25%        6-21      8%          5
f - Sticky Flame          Conj/Fire      69%        2d8       1%          4
g - Flame Wave            Conj/Fire      69%        2d13      1%          4
i - Irradiate             Conj/Tmut      32%        3d24      1%          5
j - Fireball              Conj/Fire      34%        3d14      1%          5
k - Orb of Destruction    Conj           39%        9d11      3%          7
D - Blink                 Tloc           100%       N/A       0%          2

Your spell library contained the following spells:

 Spells                   Type           Power      Damage    Failure   Level
 Apportation              Tloc           100%       N/A       0%          1
 Summon Small Mammal      Summ           100%       N/A       0%          1
 Call Imp                 Summ           79%        N/A       0%          2
 Call Canine Familiar     Summ           79%        N/A       0%          3
 Beastly Appendage        Tmut           88%        N/A       1%          1
 Foxfire                  Conj/Fire      100%       2x1d9     1%          1
 Sandblast                Erth           64%        2d14      1%          1
 Shock                    Conj/Air       100%       1d9       1%          1
 Slow                     Hex            100%       N/A       1%          1
 Sting                    Tmut/Pois      100%       1d8       1%          1
 Passwall                 Tmut/Erth      31%        N/A       1%          2
 Scorch                   Fire           100%       2d10      1%          2
 Static Discharge         Conj/Air       59%        N/A       1%          2
 Wereblood                Tmut           44%        N/A       1%          2
 Conjure Flame            Conj/Fire      69%        6-21      1%          3
 Dazzling Flash           Conj/Hex       100%       N/A       1%          3
 Gell's Gravitas          Tloc           73%        N/A       1%          3
 Ignite Poison            Fire/Tmut/Pois 43%        N/A       1%          3
 Inner Flame              Hex/Fire       49%        N/A       1%          3
 Lesser Beckoning         Tloc           73%        N/A       1%          3
 Mephitic Cloud           Conj/Pois/Air  50%        N/A       1%          3
 Portal Projectile        Hex/Tloc       100%       N/A       1%          3
 Stone Arrow              Conj/Erth      100%       3d13      1%          3
 Summon Guardian Golem    Hex/Summ       62%        N/A       1%          3
 Teleport Other           Tloc           73%        N/A       1%          3
 Animate Armour           Summ/Erth      100%       N/A       1%          4
 Fulminant Prism          Conj/Hex       30%        3d16      1%          4
 Hailstorm                Conj/Ice       59%        3d13      1%          4
 Iskenderun's Mystic Bla  Conj/Tloc      76%        2d15      1%          4
 Passage of Golubria      Tloc           73%        N/A       1%          4
 Summon Ice Beast         Ice/Summ       60%        N/A       1%          4
 Summon Lightning Spire   Summ/Air       60%        N/A       1%          4
 Iskenderun's Battlesphe  Conj           78%        2d13      1%          5
 Manifold Assault         Tloc           73%        N/A       1%          5
 Summon Forest            Summ/Tloc      38%        N/A       1%          5
 Summon Mana Viper        Hex/Summ       62%        N/A       1%          5
 Dispersal                Tloc           36%        N/A       1%          6
 Summon Cactus Giant      Summ           39%        N/A       1%          6
 Freeze                   Ice            100%       1d11      2%          1
 Ensorcelled Hibernation  Hex/Ice        64%        N/A       2%          2
 Lightning Bolt           Conj/Air       29%        1d46      2%          5
 Animate Skeleton         Necr           46%        N/A       3%          1
 Pain                     Necr           92%        1d8       3%          1
 Confusing Touch          Hex            35%        N/A       3%          3
 Tukima's Dance           Hex            35%        N/A       3%          3
 Starburst                Conj/Fire      34%        6d10      3%          6
 Monstrous Menagerie      Summ           39%        N/A       3%          7
 Summon Hydra             Summ           39%        N/A       3%          7
 Corpse Rot               Necr/Air       52%        N/A       4%          2
 Poisonous Vapours        Pois/Air       52%        N/A       4%          2
 Spider Form              Tmut/Pois      33%        N/A       4%          3
 Sublimation of Blood     Necr           23%        N/A       5%          2
 Frozen Ramparts          Ice            58%        1d7       6%          3
 Ozocubu's Armour         Ice            29%        N/A       6%          3
 Swiftness                Air            29%        N/A       6%          3
 Petrify                  Tmut/Erth      38%        N/A       10%         4
 Vampiric Draining        Necr           23%        2d7       11%         3
 Ice Form                 Ice/Tmut       36%        N/A       11%         4
 Cause Fear               Hex            17%        N/A       13%         4
 Iron Shot                Conj/Erth      30%        9d6       13%         6
 Leda's Liquefaction      Hex/Erth       16%        N/A       14%         4
 Conjure Ball Lightning   Conj/Air       29%        3x3d8     14%         6
 Blade Hands              Tmut           22%        N/A       16%         5
 Airstrike                Air            14%        N/A       21%         4
 Anguish                  Hex/Necr       14%        N/A       22%         4
 Summon Horrible Things   Summ           39%        N/A       22%         8
 Yara's Violent Unravell  Hex/Tmut       19%        3d9       24%         5
 Animate Dead             Necr           11%        N/A       36%         4
 Dispel Undead            Necr           23%        3d12      36%         4
 Olgreb's Toxic Radiance  Pois           23%        N/A       36%         4
 Alistair's Intoxication  Tmut/Pois      22%        N/A       36%         5
 Lee's Rapid Deconstruct  Erth           16%        3d11*     41%         5
 Silence                  Hex/Air        16%        N/A       41%         5
 Borgnjor's Vile Clutch   Necr/Erth      13%        N/A       56%         5
 Disjunction              Tloc           36%        N/A       56%         8
 Haunt                    Necr/Summ      29%        N/A       67%         7
 Agony                    Necr           23%        N/A       71%         5
 Excruciating Wounds      Necr           11%        N/A       71%         5
 Statue Form              Tmut/Erth      25%        N/A       82%         6
 Eringya's Noxious Bog    Tmut/Pois      16%        N/A       91%         6
 Dragon's Call            Summ           39%        N/A       98%         9
 Dragon Form              Tmut           22%        N/A       99%         7
 Lehudib's Crystal Spear  Conj/Erth      30%        10d8      99%         8
 Enfeeble                 Hex            17%        N/A       100%        7
 Ozocubu's Refrigeration  Ice            14%        4d7       100%        7
 Storm Form               Tmut/Air       18%        N/A       100%        7
 Borgnjor's Revivificati  Necr           11%        N/A       100%        8
 Discord                  Hex            17%        N/A       100%        8
 Ignition                 Fire           29%        3d9       100%        8
 Infestation              Necr           11%        N/A       100%        8
 Maxwell's Capacitive Co  Air            14%        ∞         100%        8
 Necromutation            Tmut/Necr      16%        N/A       100%        8
 Chain Lightning          Conj/Air       29%        3d39      100%        9
 Death's Door             Necr           11%        N/A       100%        9
 Fire Storm               Conj/Fire      34%        8d9       100%        9
 Polar Vortex             Ice            14%        N/A       100%        9
 Shatter                  Erth           16%        3d15*     100%        9


Dungeon Overview and Level Annotations

Branches:
Dungeon (15/15)            Temple (0/1) D:6            Lair (6/6) D:10
  Swamp (4/4) Lair:3        Snake (4/4) Lair:2        Slime (5/5) Lair:5
    Orc (2/2) D:9             Elf (3/3) Orc:2        Vaults (4/5) D:13
  Crypt (0/3) Vaults:2     Depths (4/4) D:15            Zot (5/5) Depths:4
Gauntlet (visited)

Altars:
Ashenzari
Dithmenos
Elyvilon
Gozag
Hepliaklqana
Kikubaaqudgha
Makhleb
Nemelex Xobeh
Qazlal
Ru
Sif Muna
Uskayaw
Vehumet
Wu Jian
Yredelemnul
Zin
Beogh
Jiyva

Shops:
D:6 (   D:7 :((   D:12 !   D:13 !   D:14 **[[   Orc:2 [[[!   Elf:2 [   Elf:3 (
Snake:1 =:=   Snake:3 (((   Snake:4 (   Vaults:4 [   Depths:2 ![([([(*
Depths:3 !

Portals:
Hell: Depths:1 Depths:2 Depths:3 Depths:4
Abyss: Depths:1 Depths:3
Pandemonium: Depths:2
Ziggurat: Depths:1

Annotations:
D:4 3 runed translucent doors, bronco's ghost, amateur OpVM; jjjjhere's ghost, amateur MiEn
D:13 4 runed translucent doors
Lair:5 exclusion: 2 oklob plants
Lair:6 1 runed translucent door
Slime:4 exclusion: upstairs
Elf:2 3 runed translucent doors
Depths:1 exclusion: downstairs


Innate Abilities, Weirdness & Mutations

You have hooves in place of feet.
You are completely covered in molten scales. (AC +4, rF+)
A powerful demonic guardian rushes to your aid.
You can hurl damnation.
You are resistant to unholy torment.
Spells you cast may paralyse nearby enemies.
You punish those that try to bend your will. (Will+)
You have a pair of small horns on your head.
You have an increased reservoir of magic. (+10% MP)
Your system is resistant to poisons. (rPois)
You occasionally shout uncontrollably at your foes.
You are covered in fur. (AC +1)
You have hidden genetic potential.
Potions are less effective at restoring your health.
Your movements are slightly less encumbered by armour. (ER -2)


Message History

Magic restored.
There is an entrance to Lifel's Antique Weapon Shop here.
There is a stone staircase leading up here.
You climb upwards.
There is a stone staircase leading down here.
There is a stone staircase leading up here.
You climb upwards.
There is a stone staircase leading down here.
You see here a +0 hand axe.
There is a stone staircase leading up here.
You climb upwards.
Level annotation: 3 runed translucent doors, bronco's ghost, amateur OpVM; jjjjhere's ghost, amateur MiEn
There is a stone staircase leading down here.
There is a stone staircase leading up here.
You climb upwards.
There is a stone staircase leading down here.
A Tzitzimitl comes into view.
Unknown command.
(D) Dungeon (T) Temple (L) Lair (S) Swamp (P) Snake Pit (M) Slime Pits (O) Orcish Mines (E) Elven Halls (V) Vaults (C) Crypt (U) Depths (H) Hell (Z) Zot
Where to? (Enter - D:1 @ (x,y), ? - help)
There is a stone staircase leading up here.
You climb upwards.
There is a stone staircase leading down here.
There is a stone staircase leading up here.
You climb upwards.
There is a stone staircase leading down here.
You enter the shallow water.
Moving in this stuff is going to be slow.
You open the door.
There is an open door here.
There is a staircase leading out of the dungeon here.
Unknown command.
Enter note: finally broke the losing streak
Enter note: didnt expect to play a caster
Enter note: but the paralyze on cast mutation was interesting
Enter note: as always thanks to my spellforged bud You have escaped!

#.######..# #.##.#####
#.....##.## #.##.#
#.###.##.#
###.##.######## #.#
#.##.# #...##........#
#.# #.##.#
#############.# #.#
#.##.# ### #.#
##.###.##.# ##.## #.#
.....#.##.#####...## #.#
##.#.#......##≈.@.≈# #.#
.#♣♣♣♣♣......#≈...≈#
########.#
♣♣♣♣♣♣♣♣.....#≈...≈#
#.....)..#
♣≈≈P♣≈≈♣♣.>..#≈...≈#
#.########
P≈P≈≈≈≈≈♣≈..##≈...≈# #.#
≈.≈P≈≈≈≈≈♣P♣###...## #.#
........≈P≈≈###...####.#
..............'8.8'....#
...≈.......(####.##.####


There were no monsters in sight!

Vanquished Creatures
  Dissolution (Slime:4)
  An ancient lich (Zot:4)
  Mara (Snake:3)
  A juggernaut (Depths:2)
  2 Killer Klowns (Zot:5)
  Vashnia (Snake:2)
  A golden dragon (Zot:4)
  Jorgrun (Elf:2)
  4 tentacled monstrosities
  Asterion (Elf:1)
  8 Orb Guardians
  2 quicksilver dragons
  A deep elf blademaster (Elf:2)
  11 acid blobs
  3 titans (Zot:2)
  Agnes (Elf:2)
  Frances (Elf:1)
  9 death cobs
  5 sphinxes
  An Executioner (Abyss:1)
  Kirke (Swamp:3)
  2 tentacled starspawn (Abyss:1)
  10 storm dragons
  2 shadow dragons
  2 draconian monks (Zot:1)
  A fenstrider witch (Swamp:3)
  4 nagarajas (Snake:4)
  11 azure jellies
  8 frost giants
  5 fire giants
  4 deep elf sorcerers
  8 rockslimes
  6 draconian knights
  3 ghost moths
  3 orc warlords
  2 draconian scorchers
  A balrug (Depths:2)
  3 emperor scorpions (Depths:3)
  2 deep elf elementalists
  19 very ugly things
  5 vault wardens
  A draconian stormcaller (Depths:4)
  4 draconian shifters
  3 draconian annihilators
  A spriggan defender (Depths:3)
  A reaper (Depths:2)
  5 ironbound preservers
  A starcursed mass (Abyss:1)
  2 ironbound thunderhulks
  A vampire knight (Depths:3)
  A caustic shrike skeleton (Depths:3)
  A quicksilver ooze (Slime:4)
  6 stone giants
  Nessos (Lair:5)
  5 eleionomae
  6 green draconians
  3 bunyips
  4 red draconians
  4 purple draconians
  13 yellow draconians
  5 black draconians
  An entropy weaver (Vaults:1)
  12 dire elephants
  4 white draconians
  5 deep elf demonologists
  A minotaur (Gauntlet)
  3 spark wasps (Depths:4)
  8 deep elf annihilators
  A lorocyproca (Depths:4)
  A green death (Zot:1)
  Snorg (D:13)
  5 fire dragons
  Josephine (D:13)
  3 deep elf death magi (Elf:3)
  2 shambling mangroves
  2 deep elf high priests (Elf:3)
  7 ettins
  Erolcha (D:9)
  A hell beast (Depths:3)
  7 yaktaur captains
  15 naga warriors
  A rakshasa (Depths:1)
  6 great orbs of eyes
  20 hydras
  2 ogre magi (Depths:2)
  A spriggan air mage (Depths:3)
  A boulder beetle (D:12)
  A ghost crab (Swamp:1)
  A salamander tyrant (Snake:2)
  5 ice dragons
  A death knight (D:15)
  6 catoblepae
  8 ironbound frosthearts
  17 two-headed ogres
  7 alligators
  10 dancing weapons
  21 anacondas
  5 centaur warriors
  5 death yaks
  A deep troll shaman (Depths:2)
  Erica (D:11)
  2 deep troll earth magi
  5 tengu warriors
  3 orc high priests (Orc:2)
  4 thrashing horrors (Abyss:1)
  A vampire mage (Depths:2)
  4 spriggans
  10 naga sharpshooters
  8 shock serpents
  9 deep elf knights
  Sonja (Lair:4)
  2 hell knights
  A titan skeleton (Depths:3)
  4 salamander mystics
  A wretched star (Abyss:1)
  A fire crab (Gauntlet)
  5 sun demons
  A goliath frog (shapeshifter) (D:13)
  4 sea snakes
  2 swamp dragons
  6 naga ritualists
  A shadow demon (Abyss:1)
  5 iron trolls
  20 deep trolls
  4 goliath frogs (Swamp:1)
  A flayed ghost (Depths:2)
  11 ironbound convokers
  3 spriggan druids
  5 glowing orange brains
  Pikel (D:4)
  A bog body (Swamp:3)
  6 lindwurms
  11 deep elf archers
  26 deep elf pyromancers
  10 orc knights
  11 wizards
  A mana viper (shapeshifter) (Depths:4)
  A tengu zombie (Depths:1)
  23 deep elf zephyrmancers
  3 wolf spiders
  A necromancer (Vaults:3)
  2 oklob plants (Zot:1)
  A frost giant zombie (Depths:1)
  9 mana vipers
  4 manticores
  A fire giant zombie (Depths:3)
  A wolf spider zombie (D:14)
  A tengu skeleton (Depths:1)
  4 shining eyes
  A sphinx skeleton (Depths:3)
  36 ugly things
  6 orc sorcerers
  8 salamanders
  4 cyclopes
  A will-o-the-wisp (Swamp:4)
  A salamander (shapeshifter) (D:14)
  A shadow dragon skeleton (Depths:3)
  18 moths of wrath
  6 nameless horrors
  2 worldbinders (Abyss:1)
  17 elephants
  Maurice (D:13)
  10 vault sentinels
  An elephant (shapeshifter) (Abyss:1)
  13 guardian serpents
  A guardian serpent (shapeshifter) (Elf:3)
  4 smoke demons
  3 gargoyles
  47 black mambas
  15 cane toads
  7 torpor snails
  8 naga magi
  3 orange demons (Depths:2)
  2 unseen horrors
  9 komodo dragons
  Psyche (D:10)
  12 yaktaurs
  A naga skeleton (Abyss:1)
  4 efreet
  A kobold demonologist (D:14)
  3 rime drakes
  3 ancient zymes (Abyss:1)
  4 freezing wraiths
  4 tengu conjurers
  A yaktaur skeleton (Vaults:1)
  3 hellwings (Depths:2)
  A red devil (D:8)
  3 meliai (D:13)
  3 polar bears
  Grinder (D:6)
  12 tyrant leeches
  11 trolls
  81 slime creatures
  15 hornets
  15 blink frogs
  6 raiju (Abyss:1)
  A wolf spider simulacrum (D:15)
  22 dream sheep
  Prince Ribbit (D:5)
  A harpy skeleton (Abyss:1)
  A jumping spider (shapeshifter) (Elf:3)
  A flying skull (Abyss:3)
  3 air elementals
  10 wyverns
  A culicivora (shapeshifter) (D:13)
  A spriggan (shapeshifter) (Elf:2)
  A shadow (D:12)
  6 basilisks
  3 ynoxinuls
  7 hogs (Swamp:3)
  A water elemental (Elf:1)
  8 wraiths
  A culicivora (Vaults:1)
  4 fire bats (Gauntlet)
  8 large abominations
  29 yaks
  A golden eye (shapeshifter) (D:15)
  2 steam dragons
  2 neqoxecs
  2 fire elementals
  3 chaos spawn
  4 golden eyes
  13 vampire mosquitoes
  16 swamp worms
  2 wargs
  2 redbacks (Vaults:1)
  36 nagas
  20 water moccasins
  4 black bears
  2 swamp drakes
  2 hydra simulacra (Swamp:4)
  28 orc warriors
  A sky beast (D:7)
  An ice beast (Abyss:2)
  2 necrophages
  14 ogres
  18 wolves
  A boggart (Vaults:1)
  A tengu (shapeshifter) (D:15)
  5 centaurs
  2 lemures (D:3)
  2 phantoms
  Blork the orc (D:5)
  16 bullfrogs
  2 earth elementals
  3 gnoll sergeants
  A scorpion (D:7)
  A water moccasin skeleton (D:6)
  12 killer bees
  A howler monkey (shapeshifter) (Elf:2)
  A wight (Abyss:1)
  11 howler monkeys
  4 centaur zombies
  2 bullfrog zombies (D:5)
  13 orc priests
  11 small abominations
  21 jellies
  A gnoll shaman (D:4)
  4 hounds
  A bullfrog skeleton (D:5)
  Terence (D:2)
  4 hell rats (Lair:5)
  An iguana (shapeshifter) (Elf:1)
  20 orc wizards
  Natasha (D:2)
  A killer bee zombie (D:7)
  4 hound skeletons
  2 howler monkey zombies
  24 gnolls
  7 adders
  A howler monkey skeleton (D:5)
  2 white imps (D:6)
  2 ufetubi
  2 adder skeletons (D:4)
  A worm (D:4)
  6 dart slugs
  72 orcs
  5 ball pythons
  4 endoplasms
  3 giant cockroaches
  2 goblins (D:1)
  6 hobgoblins
  13 jackals (D:4)
  5 kobolds
  5 quokkas
  7 bats
  4 frilled lizards
  10 rats
  A butterfly (Lair:3)
  A starspawn tentacle (Abyss:1)
1698 creatures vanquished.

Vanquished Creatures (collateral kills)
  the Royal Jelly (Slime:5)
  A dread lich (Zot:5)
  An ancient lich (Depths:1)
  A Killer Klown (Zot:5)
  Margery (Vaults:4)
  2 curse toes
  6 golden dragons
  A bone dragon (Abyss:1)
  An electric golem (Zot:5)
  8 tentacled monstrosities
  A Hell Sentinel (D:14)
  14 Orb Guardians (Zot:5)
  A lich (Depths:4)
  A walking crystal tome (Depths:2)
  3 deep elf master archers (Elf:3)
  20 acid blobs
  A tentacled starspawn (Abyss:1)
  3 titans
  An eldritch tentacle (Zot:5)
  6 quicksilver dragons
  2 Executioners
  3 death cobs
  A sphinx (Depths:1)
  4 shadow dragons
  10 storm dragons
  3 tengu reavers
  Donald (Elf:1)
  8 fire giants
  2 nagarajas (Snake:4)
  10 azure jellies
  13 rockslimes
  A draconian scorcher (Zot:1)
  A frost giant (Depths:1)
  3 draconian monks
  2 draconian knights (Zot:1)
  An iron dragon (Depths:3)
  2 deep elf sorcerers
  3 vault wardens
  Aizul (Elf:3)
  3 cacodemons (Abyss:3)
  An orc warlord (Vaults:4)
  A deep elf elementalist (Elf:3)
  6 draconian shifters
  A ghost moth (Zot:4)
  A war gargoyle (Vaults:3)
  A spriggan defender (Depths:3)
  8 quicksilver oozes
  7 ironbound preservers
  2 ironbound thunderhulks
  8 stone giants
  10 very ugly things
  A vampire knight (Vaults:2)
  4 black draconians
  5 yellow draconians
  A deep elf demonologist (Elf:3)
  An eleionoma (Swamp:4)
  8 green draconians
  2 deep elf annihilators (Elf:3)
  7 dire elephants
  5 purple draconians
  3 red draconians
  11 white draconians
  A spark wasp (Depths:4)
  A blizzard demon (Depths:4)
  17 ettins
  2 deep elf death magi
  A crystal guardian (Vaults:3)
  5 great orbs of eyes
  2 shambling mangroves (Swamp:4)
  3 fire dragons
  3 yaktaur captains
  2 deep elf high priests
  2 salamander tyrants (Snake:4)
  A naga warrior (Snake:4)
  A peacekeeper (Vaults:3)
  A hydra (Depths:3)
  6 ice dragons
  4 vault guards
  2 ironbound frosthearts (Vaults:4)
  11 dancing weapons
  3 tengu warriors (Depths:1)
  A two-headed ogre (Zot:2)
  2 alligators (Swamp:4)
  5 deep troll earth magi
  5 deep troll shamans
  A hell hog (Depths:3)
  4 death yaks
  2 shock serpents
  2 hell knights (Vaults:4)
  4 deep elf knights
  14 large abominations
  5 thrashing horrors
  A sixfirhy (Abyss:1)
  9 iron trolls
  A spatial maelstrom (Abyss:1)
  25 deep trolls
  A flayed ghost (Depths:1)
  A swamp dragon (shapeshifter) (Depths:4)
  2 spriggan druids
  2 swamp dragons (Swamp:4)
  A goliath frog (Swamp:4)
  7 deep elf archers
  A spriggan simulacrum (Depths:3)
  2 bog bodies
  5 ironbound convokers
  2 harpies (Depths:3)
  2 glowing orange brains
  5 necromancers
  A golden dragon skeleton (Depths:3)
  A wizard (Vaults:4)
  9 deep elf zephyrmancers
  A phantasmal warrior (Vaults:4)
  10 deep elf pyromancers
  3 lindwurms (Depths:3)
  7 orc knights
  An orc sorcerer (Orc:2)
  3 shining eyes
  A will-o-the-wisp (Swamp:4)
  A frost giant zombie (Depths:1)
  9 ugly things
  8 moths of wrath
  An elephant (Lair:4)
  6 vault sentinels
  An eye of devastation (Slime:5)
  A naga mage (Snake:4)
  2 fire giant skeletons
  A smoke demon (Abyss:1)
  A guardian serpent (Snake:4)
  An orange demon (Depths:2)
  A cane toad (Lair:4)
  A stone giant skeleton (Depths:1)
  A human zombie (Vaults:1)
  An unseen horror (Abyss:1)
  A hellion (Abyss:3)
  A yaktaur (Vaults:3)
  2 efreet (Zot:2)
  3 freezing wraiths (Swamp:4)
  A tengu conjurer (Depths:1)
  A yaktaur skeleton (Vaults:1)
  A troll (Zot:2)
  3 blink frogs (Lair:4)
  3 hornets (Swamp:4)
  40 slime creatures
  A raiju (Abyss:1)
  A centaur simulacrum (Abyss:1)
  A deep troll zombie (Vaults:1)
  A wraith (D:13)
  A flying skull (Abyss:3)
  2 air elementals (Elf:2)
  A wyvern (Lair:4)
  3 vampires (Vaults:2)
  A chaos spawn (Abyss:1)
  5 swamp worm simulacra (Swamp:4)
  2 spatial vortices (Abyss:1)
  2 swamp worms (Swamp:4)
  3 nagas
  14 hydra simulacra (Swamp:4)
  6 nameless horrors
  An orc warrior (Orc:2)
  A wolf (Lair:2)
  3 ogres (Zot:2)
  2 boggarts (Vaults:1)
  9 small abominations
  An earth elemental (Elf:1)
  A crimson imp (Abyss:3)
  6 starcursed masses
  2 jellies (Zot:1)
  2 orc priests
  An orc wizard (Orc:1)
  3 swamp drake simulacra (Swamp:4)
  A starspawn tentacle (Abyss:1)
628 creatures vanquished.

Vanquished Creatures (others)
  A Killer Klown (Zot:5)
  A deep elf master archer (Elf:3)
  31 eldritch tentacles
  A draconian knight (Zot:1)
  A draconian stormcaller (Zot:1)
  An ironbound preserver (Vaults:1)
  A purple draconian (Zot:5)
  A yaktaur captain (Depths:4)
  A hell beast (Depths:3)
  3 deep elf knights
  A wretched star (Abyss:2)
  A deep elf archer (Elf:1)
  A bog body (Swamp:4)
  A wizard (Vaults:3)
  A will-o-the-wisp (Swamp:4)
  2 nameless horrors
  A starcursed mass (Abyss:1)
  2 bushes (Depths:3)
  A demonic plant (Abyss:1)
  87 foxfires
  61 fungi
  214 plants
  4 starspawn tentacles (Abyss:1)
  8 toadstools (Lair:2)
  40 withered plants (Gauntlet)
467 creatures vanquished.

Grand Total: 2793 creatures vanquished

Notes
Turn   | Place    | Note
-------+----------+-------------------------------------------
     0 | D:1      | jjjjhere the Demonspawn Brigand began the quest for the
                  | Orb.
     0 | D:1      | Reached XP level 1. HP: 16/16 MP: 1/1
   238 | D:1      | Gained mutation: You have large cloven feet. [demonic
                  | ancestry]
   238 | D:1      | Reached XP level 2. HP: 23/23 MP: 2/2
   901 | D:2      | Reached XP level 3. HP: 29/29 MP: 3/3
  1071 | D:2      | Noticed Terence
  1088 | D:2      | Noticed Natasha
  1088 | D:2      | Killed Terence
  1089 | D:2      | Gained mutation: Spells you cast may paralyse adjacent
                  | enemies. [demonic ancestry]
  1089 | D:2      | Reached XP level 4. HP: 19/38 MP: 4/4
  1293 | D:2      | Killed Natasha
  1431 | D:2      | Learned a level 1 spell: Magic Dart
  1434 | D:2      | Learned a level 2 spell: Searing Ray
  1637 | D:3      | Found an opulent altar of Gozag.
  1728 | D:3      | Found a burning altar of Makhleb.
  1735 | D:3      | Reached XP level 5. HP: 43/43 MP: 4/6
  1874 | D:3      | Reached skill level 1 in Conjurations
  1939 | D:3      | Identified the -1 pair of gloves "Xudam" {Drain rF+++ SInv}
  1951 | D:3      | Found a faded altar of an unknown god.
  2059 | D:3      | Reached skill level 1 in Spellcasting
  2185 | D:3      | Found a shimmering blue altar of Sif Muna.
  2255 | D:3      | Found an ancient bone altar of Kikubaaqudgha.
  2274 | D:3      | Found a radiant altar of Vehumet.
  2278 | D:3      | Reached skill level 2 in Spellcasting
  2291 | D:3      | Became a worshipper of Sif Muna the Loreminder
  2333 | D:3      | Found a hide-covered altar of Uskayaw.
  2432 | D:4      | Gained mutation: You are partially covered in molten
                  | scales. (AC +2) [demonic ancestry]
  2432 | D:4      | Reached XP level 6. HP: 36/50 MP: 6/9
  2763 | D:4      | Learned a level 1 spell: Foxfire
  2835 | D:4      | HP: 14/50 [ogre/+0 giant club (12)]
  3058 | D:3      | Learned a level 2 spell: Blink
  3059 | D:4      | Noticed Pikel
  3200 | D:4      | Killed Pikel
  3201 | D:4      | Reached skill level 3 in Spellcasting
  3201 | D:4      | Gained mutation: You are mostly covered in molten scales.
                  | (AC +3) [demonic ancestry]
  3201 | D:4      | Reached XP level 7. HP: 55/55 MP: 9/12
  3216 | D:4      | Reached * piety under Sif Muna
  3408 | D:4      | Found a sparkling altar of Nemelex Xobeh.
  3504 | D:4      | Found a runed translucent gate.
  3504 | D:4      | Found a runed translucent gate.
  3504 | D:4      | Found a runed translucent gate.
  3505 | D:4      | Noticed jjjjhere's ghost (amateur MiEn)
  3505 | D:4      | Noticed bronco's ghost (amateur OpVM)
  3507 | D:4      | Reached skill level 4 in Spellcasting
  3685 | D:4      | Gained mutation: A weak demonic guardian rushes to your
                  | aid. [demonic ancestry]
  3685 | D:4      | Reached XP level 8. HP: 61/61 MP: 7/14
  3903 | D:4      | Reached skill level 1 in Invocations
  4213 | D:4      | Reached ** piety under Sif Muna
  4456 | D:4      | Reached skill level 5 in Spellcasting
  4699 | D:5      | Entered Level 5 of the Dungeon
  4732 | D:5      | Noticed Blork the orc
  4739 | D:5      | Killed Blork the orc
  5114 | D:5      | Reached skill level 5 in Conjurations
  5154 | D:5      | Learned a level 1 spell: Summon Small Mammal
  5273 | D:5      | Noticed Prince Ribbit
  5281 | D:5      | Killed Prince Ribbit
  5290 | D:5      | Gained mutation: You have hoof-like feet. [demonic
                  | ancestry]
  5290 | D:5      | Reached XP level 9. HP: 38/67 MP: 12/16
  5546 | D:5      | Found a stormy altar of Qazlal.
  5548 | D:5      | Found a sacrificial altar of Ru.
  5707 | D:6      | Found a staircase to the Ecumenical Temple.
  5876 | D:6      | Found a shadowy altar of Dithmenos.
  5877 | D:6      | Found a hazy altar of Hepliaklqana.
  6013 | D:6      | Reached *** piety under Sif Muna
  6303 | D:6      | Learned a level 4 spell: Sticky Flame
  6523 | D:6      | Noticed Grinder
  6528 | D:6      | Reached skill level 1 in Fire Magic
  6534 | D:6      | Killed Grinder
  7384 | D:7      | Found Nimoinn's Book Boutique.
  7423 | D:7      | Gained mutation: You are completely covered in molten
                  | scales. (AC +4, rF+) [demonic ancestry]
  7423 | D:7      | Reached XP level 10. HP: 73/73 MP: 17/17
  7435 | D:7      | Found Lifel's Antique Weapon Shop.
  7451 | D:7      | Found Asoef's Antique Weapon Boutique.
  8319 | D:8      | Identified the ring of Beogh's Benevolence {rC+ rN++ MP-9}
  8355 | D:8      | Identified the +2 leather armour of Poqomnes {+Inv Fly
                  | rPois rF- Will-}
  8749 | D:8      | Reached skill level 10 in Conjurations
  8950 | D:8      | Reached skill level 1 in Dodging
  8981 | D:8      | Learned a level 4 spell: Flame Wave
  9899 | D:9      | Noticed Erolcha
  9910 | D:9      | Killed Erolcha
  9911 | D:9      | Reached skill level 5 in Stealth
  9911 | D:9      | Reached skill level 6 in Spellcasting
 10152 | D:9      | Found a staircase to the Orcish Mines.
 10157 | D:9      | Reached **** piety under Sif Muna
 10596 | D:10     | Entered Level 10 of the Dungeon
 10680 | D:10     | Noticed a two-headed ogre
 10876 | D:10     | Learned a level 3 spell: Tukima's Dance
 10941 | D:10     | Reached skill level 1 in Hexes
 10953 | D:10     | Noticed a two-headed ogre
 11185 | D:10     | Noticed Psyche
 11214 | D:10     | Killed Psyche
 11324 | D:10     | Found a staircase to the Lair.
 11359 | D:10     | Killed a two-headed ogre
 11360 | D:10     | Reached XP level 11. HP: 78/78 MP: 3/20
 11682 | Lair:1   | Entered Level 1 of the Lair of Beasts
 11970 | Lair:1   | Reached skill level 5 in Dodging
 12014 | Lair:1   | Identified the +2 ring mail of an ice cave {rPois Str+5}
 12038 | Lair:1   | Reached skill level 7 in Spellcasting
 12785 | Lair:1   | Reached skill level 8 in Spellcasting
 13350 | Lair:2   | Found a staircase to the Snake Pit.
 13543 | Lair:2   | Noticed a dire elephant
 13543 | Lair:2   | Noticed a catoblepas
 13567 | Lair:2   | Found a runed translucent door.
 14016 | Lair:2   | Reached skill level 9 in Spellcasting
 14322 | Lair:2   | Identified the +0 robe "Qisyarch" {Dex+5}
 14628 | Lair:3   | HP: 24/78 [elephant (12)]
 14812 | Lair:3   | Gained mutation: A demonic guardian rushes to your aid.
                  | [demonic ancestry]
 14812 | Lair:3   | Reached XP level 12. HP: 85/85 MP: 15/25
 15367 | Lair:2   | Reached ***** piety under Sif Muna
 15738 | Lair:2   | Received a gift from Sif Muna
 15927 | Lair:2   | Reached skill level 5 in Short Blades
 15927 | Lair:2   | Reached skill level 10 in Spellcasting
 16766 | Lair:3   | Reached skill level 5 in Invocations
 17457 | Lair:3   | Found a staircase to the Swamp.
 17719 | Lair:3   | You are sucked into a shaft and drop 2 floors!
 17724 | Lair:5   | Reached skill level 11 in Spellcasting
 17876 | Lair:5   | Noticed a five-headed hydra
 17902 | Lair:5   | Killed a five-headed hydra
 18111 | Lair:5   | Noticed a six-headed hydra
 18145 | Lair:5   | Killed a six-headed hydra
 18162 | Lair:5   | HP: 28/85 [poisoned by a cane toad]
 18167 | Lair:5   | HP: 23/85 [poisoned by a cane toad]
 18521 | Lair:5   | Reached XP level 13. HP: 86/90 MP: 16/28
 19389 | Lair:4   | Noticed Sonja
 19606 | Lair:4   | Received a gift from Sif Muna
 19610 | Lair:4   | Got Numitaul's Guide on Attacks {god gift}
 19727 | Lair:4   | Learned a level 5 spell: Iskenderun's Battlesphere
 19948 | Lair:4   | Reached skill level 12 in Spellcasting
 20816 | Lair:4   | Killed Sonja
 21164 | Lair:5   | Found a staircase to the Slime Pits.
 21196 | Lair:4   | Reached skill level 5 in Fighting
 21456 | Lair:5   | HP: 29/92 [four-headed hydra (7)]
 21481 | Lair:5   | Noticed Nessos
 21493 | Lair:5   | HP: 23/92 [Nessos/arrow (16)]
 21499 | Lair:5   | Killed Nessos
 22397 | Lair:6   | Entered Level 6 of the Lair of Beasts
 22400 | Lair:6   | Reached skill level 13 in Spellcasting
 22606 | Lair:5   | Learned a level 5 spell: Irradiate
 22689 | Lair:6   | Reached skill level 1 in Transmutations
 23087 | Lair:5   | Gained mutation: You punish those that try to bend your
                  | will. (Will+) [demonic ancestry]
 23087 | Lair:5   | Reached XP level 14. HP: 94/103 MP: 20/31
 23683 | Lair:6   | Found a runed translucent door.
 25043 | Lair:6   | Reached skill level 1 in Shields
 25755 | Lair:6   | Received a gift from Sif Muna
 25756 | Lair:6   | Got Wahagaud's Papyrus of Battle Magic and the Entourage
                  | {god gift}
 26114 | Orc:1    | Entered Level 1 of the Orcish Mines
 26724 | Orc:1    | Reached skill level 5 in Fire Magic
 27015 | Orc:2    | Entered Level 2 of the Orcish Mines
 27562 | Orc:2    | Found a staircase to the Elven Halls.
 28367 | Orc:2    | Found Tinosug's Distillery.
 28977 | Lair:2   | Received a gift from Sif Muna
 28978 | Lair:2   | Got Fois's Guide on Ignition and the Compass {god gift}
 29407 | Lair:2   | Identified the ring "Qalaxol" {*Slow Str+7 Dex+6}
 29576 | Orc:1    | Learned a level 5 spell: Fireball
 30050 | Orc:2    | Reached XP level 15. HP: 104/110 MP: 1/32
 30367 | Orc:2    | Found Fiulass's Armour Shop.
 30374 | Orc:2    | Found Imubinin's Armour Shop.
 30376 | Orc:2    | Found Eneacong's Armour Emporium.
 30382 | Orc:2    | Bought a +1 helmet of intelligence for 214 gold pieces
 30641 | D:11     | Noticed Erica
 30648 | D:11     | Killed Erica
 30865 | D:11     | Found a gate leading to a gauntlet.
 30884 | Gauntlet | Entered a Gauntlet
 30884 | Gauntlet | Found a transporter.
 30894 | Gauntlet | Found a transporter.
 30909 | Gauntlet | Found a transporter.
 30914 | Gauntlet | Found a transporter.
 30929 | Gauntlet | Found a transporter.
 30948 | Gauntlet | Found a transporter.
 30960 | Gauntlet | Found a transporter.
 30972 | Gauntlet | Found a transporter.
 30984 | Gauntlet | Found a transporter.
 30996 | Gauntlet | Found a transporter.
 31013 | Gauntlet | Found a transporter.
 31031 | Gauntlet | Found a transporter.
 31033 | Gauntlet | Found a transporter.
 31058 | Gauntlet | Found a transporter.
 31060 | Gauntlet | Found a transporter.
 31080 | Gauntlet | Found a transporter.
 31158 | Gauntlet | Found a transporter.
 31178 | Gauntlet | Found a transporter.
 31591 | Gauntlet | Identified the ring of the Madman {rF+ SInv}
 31698 | Gauntlet | Identified the amulet of Cowardice {Acrobat rF+ rCorr}
 31718 | Gauntlet | Identified the +4 trident of Abomination {vorpal, Str+3}
 31919 | Gauntlet | Identified the +1 ring mail "Fuulau" {+Inv Dex+3 Stlth+}
 31930 | Gauntlet | Identified the +7 giant spiked club "Ulea" {drain, Str+4}
 32754 | D:12     | Found Vosatsya's Distillery.
 34134 | D:13     | Noticed Snorg
 34139 | D:13     | Killed Snorg
 34247 | D:13     | Reached skill level 5 in Shields
 34316 | D:13     | Received a gift from Sif Muna
 34317 | D:13     | Got Sif Muna's Compendium of Frigorific Calling {god gift}
 34563 | D:13     | Noticed Josephine
 34572 | D:13     | Killed Josephine
 34579 | D:13     | Noticed Maurice
 34589 | D:13     | Killed Maurice
 34724 | D:13     | Found a runed translucent door.
 34754 | D:13     | Found a runed translucent door.
 34774 | D:13     | Found a runed translucent door.
 34804 | D:13     | Found a runed translucent door.
 34816 | D:13     | Reached skill level 5 in Translocations
 35101 | D:13     | Found a gate to the Vaults.
 35338 | D:13     | Reached skill level 1 in Summonings
 35651 | D:14     | Found Irithon's General Store.
 35656 | D:14     | Bought a scroll of teleportation for 42 gold pieces
 35664 | D:14     | Found Juaps's Assorted Antiques.
 35667 | D:14     | Bought a scroll labelled JAYCZO MUNY for 26 gold pieces
 35668 | D:14     | Acquired a +5 quick blade
 35721 | D:14     | Found Birchosh's Antique Armour Shop.
 35732 | D:14     | Bought a translucent cloak for 237 gold pieces
 35732 | D:14     | Identified the +2 cloak "Ocirgh" {Will+ Int+4 Stlth+} (You
                  | bought it in a shop on level 14 of the Dungeon)
 35757 | D:14     | Found Pyarupa's Armour Boutique.
 36098 | D:14     | Found a basalt altar of Yredelemnul.
 36427 | D:15     | Entered Level 15 of the Dungeon
 38695 | D:15     | Identified the +5 ring mail of Polish {Str+7}
 38861 | D:15     | Found a staircase to the Depths.
 38906 | D:15     | Reached XP level 16. HP: 117/117 MP: 23/33
 39147 | Snake:1  | Entered Level 1 of the Snake Pit
 39505 | Snake:1  | Reached skill level 5 in Summonings
 40383 | Snake:1  | Found an ancient bone altar of Kikubaaqudgha.
 40649 | Snake:1  | Found Tythorph's Jewellery Boutique.
 40649 | Snake:1  | Found Giyrphej's Book Shoppe.
 40651 | Snake:1  | Found Urowee's Jewellery Boutique.
 40708 | Snake:1  | Bought a book of Dangerous Friends for 600 gold pieces
 40716 | Snake:1  | Learned a level 7 spell: Orb of Destruction
 42047 | Snake:2  | HP: 35/117 [shock serpent/bolt of electricity (11)]
 42049 | Snake:1  | HP: 10/117 [shock serpent (13)]
 42550 | Snake:2  | Noticed Vashnia
 42710 | Snake:2  | HP: 38/117 [something (3)]
 44297 | Snake:3  | Found Nizeh's Antique Weapon Boutique.
 44331 | Snake:3  | Noticed Mara
 44340 | Snake:3  | Found Nahoaxeni's Weapon Boutique.
 44362 | Snake:3  | Received a gift from Sif Muna
 44363 | Snake:3  | Got Pabreneo's Compendium of Conjuration {god gift}
 44388 | Snake:3  | Found Posaap's Weapon Emporium.
 44939 | Snake:3  | Found a flickering gateway to a bazaar.
 44945 | Bazaar   | Entered a bazaar
 44952 | Bazaar   | Found Tueroad's Book Shop.
 44966 | Bazaar   | Found Rohi Pisch's Antique Armour Boutique.
 44980 | Bazaar   | Found Ludeam's Antique Weapon Shop.
 44994 | Bazaar   | Found Timonudd's Assorted Antiques.
 45008 | Bazaar   | Found Muycey's Armour Shop.
 45022 | Bazaar   | Found Tiohicuti's Assorted Antiques.
 45137 | Bazaar   | Bought a translucent leather armour for 210 gold pieces
 45137 | Bazaar   | Identified the +0 leather armour "Ishosm Ipnil" {Regen+
                  | Str+2} (You bought it in a shop in a bazaar)
 45219 | Bazaar   | Bought a scroll of teleportation for 33 gold pieces
 45219 | Bazaar   | Bought a scroll labelled GIEVAXIUME for 11 gold pieces
 45222 | Bazaar   | Bought a potion of haste for 110 gold pieces
 45468 | Snake:3  | Noticed jjjjhere's illusion
 46013 | Snake:3  | Noticed jjjjhere's illusion
 46220 | Snake:2  | Killed Vashnia
 46381 | Snake:3  | Learned a level 6 spell: Iron Shot
 46527 | Snake:3  | Reached skill level 14 in Spellcasting
 47062 | Snake:3  | Killed Mara
 47063 | Snake:3  | Reached skill level 1 in Earth Magic
 47063 | Snake:3  | Reached XP level 17. HP: 122/122 MP: 13/35
 47411 | Swamp:1  | Entered Level 1 of the Swamp
 48942 | Swamp:2  | Reached skill level 10 in Shields
 50873 | Swamp:3  | Noticed a tentacled monstrosity
 50886 | Swamp:3  | Killed a tentacled monstrosity
 51646 | Swamp:3  | Found a sacrificial altar of Ru.
 51966 | Swamp:3  | Learned a level 7 spell: Spellforged Servitor
 51971 | Swamp:3  | Noticed Kirke
 51977 | Swamp:3  | Killed Kirke
 52435 | Snake:4  | Entered Level 4 of the Snake Pit
 52561 | Snake:4  | Reached skill level 15 in Spellcasting
 53550 | Snake:3  | Got Dubeob's Almanac of Curses
 53597 | Snake:4  | Found Kechonnao's Antique Weapon Shop.
 54656 | Snake:4  | Reached skill level 15 in Conjurations
 54959 | Orc:2    | Bought the +3 robe of Clouds {*Thunder rCloud rElec} for
                  | 386 gold pieces
 54959 | Orc:2    | Found the +3 robe of Clouds {*Thunder rCloud rElec}
 56147 | Snake:4  | Received a gift from Sif Muna
 56148 | Snake:4  | Gained mutation: You have hooves in place of feet. [demonic
                  | ancestry]
 56148 | Snake:4  | Reached XP level 18. HP: 129/129 MP: 22/37
 56150 | Snake:4  | Got Loalyrish's Papyrus of Moulding {god gift}
 57351 | Snake:4  | Got a serpentine rune of Zot
 57637 | Swamp:4  | Entered Level 4 of the Swamp
 58405 | Swamp:4  | HP: 36/129 [ice dragon/blast of cold (33)]
 58410 | Swamp:4  | Reached skill level 10 in Summonings
 59435 | Vaults:1 | Entered Level 1 of the Vaults
 60607 | Swamp:4  | Received a gift from Sif Muna
 60608 | Swamp:4  | Got Sif Muna's Tome of Illusion {god gift}
 60950 | Swamp:4  | Got a decaying rune of Zot
 62054 | Vaults:1 | Got the Tome of Twisted Bewitchment
 62055 | Vaults:1 | Identified the +2 cloak "Luosh" {rPois Int+4}
 64448 | Vaults:2 | Gained mutation: Spells you cast may paralyse nearby
                  | enemies. [demonic ancestry]
 64448 | Vaults:2 | Reached XP level 19. HP: 134/134 MP: 19/38
 66357 | Vaults:2 | Received a gift from Sif Muna
 66444 | Vaults:2 | Found a staircase to the Crypt.
 66737 | Vaults:3 | Reached skill level 1 in Armour
 68529 | Vaults:3 | Learned a level 7 spell: Malign Gateway
 68682 | Vaults:3 | Reached skill level 10 in Translocations
 70783 | Vaults:4 | Found Atwom's Armour Shoppe.
 70931 | Vaults:4 | Reached skill level 5 in Armour
 71383 | Vaults:4 | HP: 41/134 [yaktaur captain/bolt (27)]
 71385 | Vaults:4 | HP: 11/134 [dire elephant (31)]
 71386 | Vaults:4 | HP: 4/134 [dire elephant (29)]
 72030 | Vaults:4 | Identified the +2 robe of Vampiric Thralls {*Slow Will+
                  | Str+5}
 72189 | Vaults:4 | Noticed Margery
 72196 | Vaults:4 | Killed Margery
 72716 | Vaults:4 | Reached XP level 20. HP: 95/141 MP: 13/39
 73085 | Vaults:4 | Received a gift from Sif Muna
 73086 | Vaults:4 | Got Sif Muna's Second Course in Hermeneutics {god gift}
 73151 | Vaults:4 | Learned a level 5 spell: Freezing Cloud
 75051 | Vaults:4 | HP: 39/141 [vault warden/bolt (18)]
 75736 | Depths:1 | Entered Level 1 of the Depths
 77251 | Depths:1 | Found a gateway to Hell.
 77311 | Depths:1 | Found a one-way gateway to a ziggurat.
 77537 | Depths:1 | Found an ornate altar of the Wu Jian Council.
 77691 | Depths:1 | Found a one-way gate to the infinite horrors of the Abyss.
 77866 | Depths:2 | Found Sirud's Antique Weapon Emporium.
 77870 | Depths:2 | Found Xisigh's Antique Armour Shoppe.
 77873 | Depths:2 | Found Negorori's Antique Weapon Emporium.
 77875 | Depths:2 | Found Buhest Fuco's Antique Armour Shoppe.
 78408 | Depths:2 | Received a gift from Sif Muna
 78891 | Depths:2 | Found Fyqausm's Antique Weapon Emporium.
 79410 | Depths:2 | Found Inuphi's Antique Armour Shop.
 79612 | Depths:2 | Bought an ichor-stained robe for 148 gold pieces
 79612 | Depths:2 | Identified the +1 robe "Desm" {rC- Str+8 SInv Stlth-} (You
                  | bought it in a shop on level 2 of the Depths)
 79628 | Depths:2 | Found a broken altar of Ashenzari.
 79857 | Depths:2 | Gained mutation: You are resistant to unholy torment.
                  | [demonic ancestry]
 79857 | Depths:2 | Reached XP level 21. HP: 151/151 MP: 33/40
 79999 | Depths:2 | Received a gift from Sif Muna
 80000 | Depths:2 | Got Sif Muna's Disquisition on Flamy Creation {god gift}
 80129 | Depths:2 | Found Vefiap's General Store.
 80137 | Depths:2 | Bought a scroll of teleportation for 39 gold pieces
 80849 | Depths:2 | Reached skill level 10 in Fighting
 81226 | Depths:2 | Reached skill level 15 in Summonings
 81421 | Depths:2 | Found a one-way gate leading to the halls of Pandemonium.
 81513 | Depths:2 | Noticed a golden dragon
 81546 | Depths:2 | Killed a golden dragon
 81547 | Depths:2 | Reached skill level 1 in Ice Magic
 81547 | Depths:2 | Reached skill level 1 in Air Magic
 81871 | Depths:2 | Found Onuvah's Distillery.
 81876 | Depths:2 | Bought a potion of heal wounds for 80 gold pieces
 81901 | Depths:2 | Identified the +1 leather armour "Kisch" {Drain +Inv rElec
                  | rCorr}
 82157 | Depths:2 | Noticed a juggernaut
 82175 | Depths:2 | Killed a juggernaut
 82517 | Depths:3 | Found Atuklu's Distillery.
 82537 | Depths:3 | Noticed a golden dragon
 83100 | Depths:3 | Killed a golden dragon
 83897 | Depths:3 | Received a gift from Sif Muna
 85218 | Depths:4 | Entered Level 4 of the Depths
 85228 | Depths:4 | Reached skill level 1 in Evocations
 85503 | Depths:4 | Reached skill level 16 in Spellcasting
 86774 | Depths:4 | Reached XP level 22. HP: 128/165 MP: 24/42
 88030 | Depths:4 | Received a gift from Sif Muna
 88031 | Depths:4 | Got Sif Muna's Grimoire of the Entourage and Clay {god
                  | gift}
 88537 | Depths:4 | Noticed a golden dragon
 88547 | Depths:4 | Killed a golden dragon
 88582 | Depths:4 | Found a gate to the Realm of Zot.
 89203 | Depths:3 | Voluntarily entered the Abyss.
 89244 | Abyss:1  | Found a corrupted altar of Lugonu.
 89249 | Depths:3 | Escaped the Abyss
 89251 | Depths:3 | Voluntarily entered the Abyss.
 89464 | Abyss:1  | Noticed a dread lich
 89472 | Abyss:2  | Found a corrupted altar of Lugonu.
 89791 | Abyss:3  | HP: 49/167 [starcursed mass/accursed screaming (9)]
 89793 | Depths:3 | Escaped the Abyss
 90111 | Depths:3 | Voluntarily entered the Abyss.
 90198 | Depths:3 | Escaped the Abyss
 90531 | Elf:1    | Entered Level 1 of the Elven Halls
 90991 | Elf:1    | Noticed Frances
 91000 | Elf:1    | Killed Frances
 91085 | Elf:1    | Noticed Donald
 91100 | Elf:1    | Killed Donald
 91204 | Elf:1    | Noticed Asterion
 91211 | Elf:1    | Gained mutation: You are clumsy. (Dex -2) [a cacodemon]
 91232 | Elf:1    | Killed Asterion
 91541 | Elf:1    | Paralysed by an air elemental for 1 turns
 92600 | Elf:2    | Noticed Agnes
 92618 | Elf:2    | Killed Agnes
 92618 | Elf:2    | Received a gift from Sif Muna
 92619 | Elf:2    | Got Sif Muna's Catalogue of Glacial Evil {god gift}
 93141 | Elf:2    | Noticed Jorgrun
 93150 | Elf:2    | Found a shimmering blue altar of Sif Muna.
 93152 | Elf:2    | Killed Jorgrun
 93152 | Elf:2    | HP: 56/170 [deep elf archer/arrow (17)]
 93892 | Elf:2    | Paralysed by an air elemental for 1 turns
 94106 | Elf:2    | Found a runed translucent gate.
 94107 | Elf:2    | Found a runed translucent gate.
 94107 | Elf:2    | Found a runed translucent gate.
 94146 | Elf:2    | Paralysed by an air elemental for 1 turns
 94333 | Elf:2    | Found Giorofeg's Armour Emporium.
 94452 | Elf:3    | Entered Level 3 of the Elven Halls
 94809 | Elf:3    | Found Duoxiloq's Weapon Shop.
 95639 | Elf:3    | Identified the +8 dire flail "Killer Bee's Curse" {vorpal,
                  | Stlth+}
 95862 | Elf:3    | Reached skill level 10 in Stealth
 95864 | Elf:3    | Identified the +7 falchion of Duty {spect, Fragile Fly
                  | rC+++}
 96058 | Elf:3    | Gained mutation: A powerful demonic guardian rushes to your
                  | aid. [demonic ancestry]
 96058 | Elf:3    | Reached XP level 23. HP: 173/174 MP: 23/43
 96785 | Elf:3    | Noticed Aizul
 96793 | Elf:3    | Killed Aizul
 96890 | Elf:3    | Identified the amulet of Zacid {Reflect rPois rN+ rCorr
                  | SH+5}
 96912 | Elf:3    | Identified the +2 rapier "Cahaadgh" {antimagic, Int+3}
 96962 | Elf:3    | Received a gift from Sif Muna
 97902 | Elf:3    | Got the Disquisition on Venom
 97909 | Elf:3    | Got the Catalogue of Stolen Souls and Contamination
 98389 | Depths:1 | Voluntarily entered the Abyss.
 98762 | Abyss:1  | Found a corrupted altar of Lugonu.
 98789 | Depths:1 | Escaped the Abyss
 98843 | Depths:1 | Voluntarily entered the Abyss.
 99348 | Depths:1 | Escaped the Abyss
 99386 | Depths:1 | Voluntarily entered the Abyss.
 99470 | Abyss:1  | Found a corrupted altar of Lugonu.
 99540 | Abyss:1  | Noticed a dread lich
 99958 | Abyss:2  | Found a hazy altar of Hepliaklqana.
 99966 | Abyss:2  | HP: 54/179 [starcursed mass/accursed screaming (10)]
 99972 | Abyss:2  | HP: 43/179 [starcursed mass/accursed screaming (4)]
 99977 | Abyss:2  | HP: 58/179 [starcursed mass/accursed screaming (6)]
 99982 | Depths:1 | Escaped the Abyss
100637 | Slime:1  | Entered Level 1 of the Pits of Slime
101134 | Slime:1  | Gained mutation: You are dopey. (Int -2) [a shining eye]
101590 | Slime:2  | Received a gift from Sif Muna
101722 | Slime:2  | Gained mutation: You tend to lose your temper in combat. [a
                  | shining eye]
102118 | Slime:3  | Reached skill level 17 in Spellcasting
102252 | Slime:3  | Gained mutation: Potions are less effective at restoring
                  | your health. [a shining eye]
102860 | Slime:4  | Noticed Dissolution
102865 | Slime:4  | Killed Dissolution
102949 | Slime:3  | Gained mutation: You are weak. (Str -2) [a shining eye]
102971 | Slime:5  | Entered Level 5 of the Pits of Slime
103080 | Slime:4  | Reached skill level 15 in Fighting
103276 | Slime:5  | Noticed the Royal Jelly
103304 | Slime:5  | Received a gift from Sif Muna
106305 | Slime:5  | Found a viscous altar of Jiyva.
106311 | Slime:5  | Found the +9 scales of the Dragon King {rPois rF+ rC+
                  | Will+}
106354 | Slime:5  | Killed the Royal Jelly
107404 | Slime:5  | Identified the +4 spear "Afuamilu" {vorpal, *Noise Will++
                  | Int+5}
107407 | Slime:5  | Identified the +7 short sword "Viskehig" {speed, Str+4
                  | SInv}
107432 | Slime:5  | Got a slimy rune of Zot
107451 | Slime:5  | Acquired the +4 hat "Joeshrepe" {Regen+ Str+6 Int+2}
107475 | Slime:5  | Identified the ring of Xuunohuo {Str+6 Dex+3}
107803 | D:12     | Lost mutation: You are weak. (Str -2) [potion of mutation]
107803 | D:12     | Lost mutation: You tend to lose your temper in combat.
                  | [potion of mutation]
107803 | D:12     | Gained mutation: You are frail. (-10% HP) [potion of
                  | mutation]
107803 | D:12     | Gained mutation: You are covered in fur. (AC +1) [potion of
                  | mutation]
107803 | D:12     | Gained mutation: You have hidden genetic potential. [potion
                  | of mutation]
107804 | D:12     | Lost mutation: You are dopey. (Int -2) [potion of mutation]
107804 | D:12     | Lost mutation: You are clumsy. (Dex -2) [potion of
                  | mutation]
107804 | D:12     | Lost mutation: You are frail. (-10% HP) [potion of
                  | mutation]
107804 | D:12     | Gained mutation: Your system is resistant to poisons.
                  | (rPois) [potion of mutation]
107804 | D:12     | Gained mutation: Your movements are slightly less
                  | encumbered by armour. (ER -2) [potion of mutation]
107804 | D:12     | Gained mutation: You have an increased reservoir of magic.
                  | (+10% MP) [potion of mutation]
108162 | Zot:1    | Entered Level 1 of the Realm of Zot
109774 | Zot:1    | Gained mutation: You can hurl damnation. [demonic ancestry]
109774 | Zot:1    | Reached XP level 24. HP: 181/189 MP: 29/49
109814 | Zot:1    | Reached skill level 10 in Dodging
110139 | Zot:1    | Reached skill level 18 in Spellcasting
110624 | Zot:1    | Paralysed by a Zot trap for 4 turns
111165 | Zot:1    | Received a gift from Sif Muna
111167 | Zot:1    | Got Sif Muna's Grimoire of the Harmful Birds {god gift}
112417 | Zot:2    | You fall into a shaft and drop 2 floors!
114349 | Zot:2    | Gained mutation: You have great hidden genetic potential.
                  | [hidden potential]
114440 | Zot:2    | Identified the +7 quarterstaff "Litzesar" {vamp, Drain
                  | rElec Str+2 Stlth+}
114892 | Zot:2    | Received a gift from Sif Muna
115075 | Zot:2    | Reached skill level 19 in Spellcasting
116056 | Zot:3    | Upgraded the game from 0.28.0-56-g4927b6849a to
                  | 0.28.0-61-g67df4f89a8
116456 | Depths:3 | Acquired the ring of Eceucor {rPois Str+6 Slay+5 SInv}
116664 | Zot:3    | Reached XP level 25. HP: 203/203 MP: 41/50
118632 | Zot:4    | Received a gift from Sif Muna
118644 | Zot:4    | Got Sif Muna's Grimoire of Scorching Cold {god gift}
118799 | Zot:5    | Entered Level 5 of the Realm of Zot
119858 | Zot:5    | Noticed an ancient lich
119974 | Zot:4    | Killed an ancient lich
120177 | Zot:5    | Noticed a dread lich
120201 | Zot:5    | Killed a dread lich
120349 | Zot:5    | Noticed a Killer Klown
120384 | Zot:5    | Killed a Killer Klown
120443 | Zot:5    | Noticed a Killer Klown
120447 | Zot:5    | Noticed a Killer Klown
120528 | Zot:5    | Noticed a Killer Klown
120560 | Zot:5    | Killed a Killer Klown
120803 | Zot:5    | Killed a Killer Klown
120804 | Zot:5    | Reached skill level 20 in Spellcasting
120905 | Zot:5    | Killed a Killer Klown
120968 | Zot:5    | Identified the amulet of the Skies Above {Acrobat Str+8}
121210 | Zot:5    | Gained mutation: You have a pair of small horns on your
                  | head. [hidden potential]
121210 | Zot:5    | Lost mutation: You have great hidden genetic potential.
                  | [hidden potential expressed]
121799 | Zot:5    | Got the Orb of Zot
121822 | Zot:5    | Noticed a Killer Klown
121934 | Zot:1    | Gained mutation: You occasionally shout uncontrollably at
                  | your foes. [a cacodemon]
122139 | Depths:1 | Noticed an ancient lich
122141 | Depths:1 | Noticed Zoskidu the pandemonium lord
122148 | Depths:1 | Killed an ancient lich
122239 | D:14     | Noticed Tiuppofo the pandemonium lord
122557 | D:1      | finally broke the losing streak
122557 | D:1      | didnt expect to play a caster
122557 | D:1      | but the paralyze on cast mutation was interesting
122557 | D:1      | as always thanks to my spellforged bud
122558 | D:$      | Escaped with the Orb!

Illustrated notes

#.######..# #.##.#####
#.....##.## #.##.#
#.###.##.#
###.##.######## #.#
#.##.# #...##........#
#.# #.##.#
#############.# #.#
#.##.# ### #.#
##.###.##.# ##.## #.#
.....#.##.#####...## #.#
##.#.#......##≈.@.≈# #.#
.#♣♣♣♣♣......#≈...≈#
########.#
♣♣♣♣♣♣♣♣.....#≈...≈#
#.....)..#
♣≈≈P♣≈≈♣♣.>..#≈...≈#
#.########
P≈P≈≈≈≈≈♣≈..##≈...≈# #.#
≈.≈P≈≈≈≈≈♣P♣###...## #.#
........≈P≈≈###...####.#
..............'8.8'....#
...≈.......(####.##.####


Turn 122557 on D:1: finally broke the losing streak

Levels and vault maps discovered:
D:1:      wander_arrival_chamber, layout_loops_ring, serial_bayou_ford_a,
          minmay_misc_feat_ornament
D:2:      layout_basic, minmay_misc_feat_square, minmay_domino_4, uniq_natasha,
          uniq_terence
D:3:      layout_rooms, palyth_temple_overflow_mages,
          mainiacjoe_overflow_cross_hatched, mainiacjoe_overflow_big_doors,
          shapermc_ecumenical_altar_ellora
D:4:      lemuel_castle_with_subvaults [lemuel_castle_interior_carwin_2],
          layout_loops_ring, nemelex_spade_bored_becter,
          gammafunk_ghost_cemetery, uniq_pikel
D:5:      layout_cave_pools, grunt_temple_overflow_diamond, uniq_blork_the_orc,
          uniq_prince_ribbit1
D:6:      black_bear_nest_2, layout_cave_pools,
          riverfiend_overflow_shadow_ancestor, minmay_temple_entry_wispy,
          minmay_diced_spiral, uniq_grinder
D:7:      layout_loops_ring, serial_shops, nicolae_diamond_shop,
          nicolae_shop_hallway_plus, nicolae_stop_n_shop_1, eino_jars
D:8:      layout_cave_pods, kennysheep_cross_bottleneck
D:9:      layout_irregular_city, minmay_orc_entry_temple_small, uniq_erolcha
D:10:     layout_rooms, kennysheep_mini, lair_entry_dummy, uniq_psyche
D:11:     layout_roguey [special_room_orc], gauntlet_entry_generic, uniq_erica
D:12:     layout_stronghold, serial_shops, nicolae_shop_trees
D:13:     layout_irregular_city, david_vaults_4, minmay_statue_crystal_thing,
          uniq_josephine, uniq_maurice, uniq_snorg
D:14:     layout_irregular_city, serial_column_ruins, column_ruins_open_medium,
          column_ruins_grid_2, column_ruins_open_tiny, column_ruins_open_tiny,
          column_ruins_corridor_straight, serial_shops, shop,
          nicolae_shop_overgrown_old_shop, shop_statue, shop, glass_columns_b,
          lemuel_zombie_altar_yredelemnul
D:15:     grunt_enter_depths_hoard, layout_cave_pools,
          ebering_dispersal_statue_hall, kennysheep_four_rooms
Lair:1:   layout_long_grid
Lair:2:   gammafunk_lair_enchanted_lake, layout_small_grid,
          guppyfry_snake_entry_garden
Lair:3:   layout_chaotic_city, minmay_swamp_entry_worms,
          nicolae_lair_run_with_the_wolves, lemuel_fruit_fields
Lair:4:   layout_gridlike, nicolae_lair_yak_garden, uniq_sonja
Lair:5:   minmay_lair_oklob_chamber, layout_cave_pods,
          nicolae_slime_entry_slimehenge, grunt_megastairs_4, uniq_nessos
Lair:6:   hangedman_lair_in_review, layout_misc_corridors, wormcave,
          lookout_lair_type, st_stairs_9
Swamp:1:  layout_basic_swamp, hangedman_swamp_lotus
Swamp:2:  layout_falls_marsh, hangedman_swamp_ruin_wall, swamp_pool4
Swamp:3:  layout_basic_swamp, lemuel_altar_in_water, uniq_kirke
Swamp:4:  swamp_icy, layout_basic_swamp
Snake:1:  layout_layer_cave, basic_altar, grunt_megastairs_2, minmay_shop_grove
Snake:2:  layout_honeycomb, grunt_ministairs_5, st_stairs_5,
          serial_bayou_lagoon_a, uniq_vashnia
Snake:3:  nicolae_snake_attic_fulla_snakes, layout_cave_town, serial_shops,
          bzr_entry_road, shop, nicolae_shop_bloodbath_and_beyond, shop,
          uniq_mara
Snake:4:  grunt_snake_rune_serpentine_throne, layout_grid_shapes, serial_shops,
          nicolae_square_shop
Slime:1:  cheibrodos_slime_lost_civilization_9, layout_caves,
          nicolae_slime_phagocytosis
Slime:2:  layout_caves
Slime:3:  layout_caves
Slime:4:  layout_caves, dissolution_awaits
Slime:5
Orc:1:    layout_caves
Orc:2:    st_orc_elflike, layout_caves
Elf:1:    elf_arrival_001, layout_loops_corners, minmay_elf_sorcery,
          eino_tiny_chamber, uniq_frances, uniq_donald, uniq_asterion
Elf:2:    nicolae_elf_blades_crystal_corner, layout_loops_corners, basic_altar,
          serial_shops, shop, wad_dig_loot, uniq_azrael, uniq_jorgrun,
          uniq_agnes
Elf:3:    minmay_elf_hall_quartered_circle, layout_geoelf_diagonals,
          serial_shops, shop, nicolae_elf_v_pinch, uniq_aizul
Vaults:1: hangedman_vaults_snaps, grunt_vaults_funnel, v_misc_11, v_misc_13,
          dpeg_vaults_monster_box, st_cells,
          hangedman_vaults_stretched_pinwheel, grunt_vaults_hallway_short,
          layout_vaults_omnigrid
Vaults:2: mu_enter_wizlab_2, nicolae_vaults_theta, v_alt_pattern_4,
          ontoclasm_vaults_spin, nicolae_vaults_network_square,
          grunt_vaults_hallway_long, minmay_crypt_entry_vampire_xt,
          nicolae_vaults_asterisk, nicolae_vaults_sealed_display,
          vaults_dpeg_diagonal, layout_vaults_maze_snakey
Vaults:3: nicolae_vaults_network_quincunx
          [nicolae_vaults_network_quincunx_subvault,
          nicolae_vaults_network_quincunx_subvault,
          nicolae_vaults_network_quincunx_subvault,
          nicolae_vaults_network_quincunx_subvault,
          nicolae_vaults_network_quincunx_subvault], v_misc_32, v_alt_pattern_4,
          v_alt_pattern_6, vaults_standard_mumra_x,
          nicolae_vaults_little_squares_6, layout_vaults_chaotic_city
Vaults:4: hangedman_vaults_stitches, v_misc_29, vaults_standard_mumra_lines,
          nicolae_vaults_twisting_passages, nicolae_vaults_an_arrangement,
          vaults_room_semicircle, nicolae_vaults_diagonal_hallway_6,
          nicolae_vaults_theta, nicolae_vaults_alarming,
          vaults_room_fancy_cross, nicolae_vaults_big_ls,
          nicolae_vaults_diagonal_hallway_7, layout_vaults_ring, serial_shops,
          nicolae_shop_hallway_stairs, uniq_margery
Depths:1: layout_cave_shapes, enter_ziggurat_a, abyss_entry_glasseish,
          hell_entry, st_stairs_9, nzn_wu_jian_contemplation
Depths:2: giant_chief_lemuel, layout_long_grid, grunt_pan_entry_in_and_out,
          serial_shops, nicolae_shop_overgrown_old_shop, kennysheep_little_box,
          shop, shop, shop, nicolae_ashenzari_panopticon, hell_entry,
          hellmonk_bongcloud_opening, hangedman_corner_corridor,
          minmay_staircase_statues_hall_small, minmay_shop_star, firewood_loft
Depths:3: hangedman_hanging_gardens, layout_honeycomb, abyss_entry, hell_entry,
          chequers_serial_rivers_marsh, serial_shops, shop
Depths:4: grunt_zot_entry_gee_three, layout_basic, hangedman_coc_ice_floe
Zot:1:    lemuel_acid_trip, layout_concentric_octagons, st_stairs_4
Zot:2:    lemuel_halls_of_wrath, layout_onion_interference
Zot:3:    layout_misc_corridors
Zot:4:    layout_concentric_octagons, grunt_megastairs_3, lemuel_elevator
Zot:5:    layout_misc_corridors, grunt_ministairs_6

Skill      XL: |  1  2  3  4  5  6  7  8  9 10 11 12 13 14 15 16 17 18 19 20 21 22 23 24 25 |
---------------+----------------------------------------------------------------------------+-----
Fighting       | 3 4 7 8 9 12 13 15 17 19 | 19.1
Conjurations   | 2 3 5 9 10 12 13 15 16 | 16.4
Spellcasting   | 2 3 4 5 6 9 11 13 14 15 16 17 19 20 | 20.2
Short Blades   | 2 3 6 7 |  7.0
Translocations | 3 4 6 7 8 11 12 13 14 | 14.2
Invocations    | 4 6 |  6.2
Stealth        | 4 5 6 9 10 | 10.1
Fire Magic     | 3 4 6 8 |  8.6
Dodging        | 4 7 9 12 14 | 14.3
Hexes          | 2 |  2.5
Transmutations | 1 4 |  4.5
Shields        | 3 7 9 10 12 13 | 13.9
Summonings     | 4 7 8 11 12 14 16 17 | 17.0
Earth Magic    | 1 2 |  2.0
Armour         | 5 8 |  8.1
Ice Magic      | 1 |  1.3
Air Magic      | 1 |  1.3
Evocations     | 2 |  2.6
Throwing       | |  1.7

Action                   |  1- 3 |  4- 6 |  7- 9 | 10-12 | 13-15 | 16-18 | 19-21 | 22-24 | 25-27 || total
-------------------------+-------+-------+-------+-------+-------+-------+-------+-------+-------++-------
Melee: Dagger            |    91 |    89 |   137 |   178 |   422 |   100 |       |       |       ||  1017
       Kick              |    16 |    20 |    34 |    27 |       |    49 |   294 |   584 |   122 ||  1146
       Punch             |       |       |     1 |     5 |     5 |       |       |       |       ||    11
       Quick blade       |       |       |       |       |       |   294 |   550 |  1121 |   228 ||  2193
       Headbutt          |       |       |       |       |       |       |       |       |    12 ||    12
Throw: Dart              |     5 |     2 |     1 |     1 |       |     1 |       |       |       ||    10
       Throwing net      |       |       |       |       |       |       |       |     1 |     7 ||     8
 Cast: Magic Dart        |       |    40 |   159 |   112 |   117 |    94 |     2 |       |       ||   524
       Sticky Flame      |       |       |     8 |   114 |   251 |   193 |   174 |   127 |    18 ||   885
       Blink             |       |       |     3 |     3 |     1 |     2 |     9 |     3 |     2 ||    23
       Foxfire           |       |       |       |    24 |    22 |     5 |       |       |       ||    51
       Tukima's Dance    |       |       |       |     7 |     1 |       |       |       |       ||     8
       Flame Wave        |       |       |       |    20 |    35 |    11 |     3 |       |       ||    69
       Summon Small Mamm |       |       |       |     3 |       |       |       |       |       ||     3
       Searing Ray       |       |       |       |     3 |    32 |    43 |     6 |     5 |     1 ||    90
       Iskenderun's Batt |       |       |       |       |     7 |    15 |       |       |       ||    22
       Irradiate         |       |       |       |       |    31 |    62 |    47 |    75 |    11 ||   226
       Fireball          |       |       |       |       |    64 |    39 |     1 |     2 |       ||   106
       Orb of Destructio |       |       |       |       |       |   118 |    45 |   106 |    12 ||   281
       Spellforged Servi |       |       |       |       |       |    43 |   151 |   159 |    54 ||   407
       Malign Gateway    |       |       |       |       |       |       |     8 |    17 |     8 ||    33
       Freezing Cloud    |       |       |       |       |       |       |    29 |   103 |     8 ||   140
Invok: Forget Spell      |       |       |       |       |       |     2 |     2 |       |       ||     4
 Abil: Hurl Damnation    |       |       |       |       |       |       |       |     1 |       ||     1
Evoke: Wand              |       |       |       |       |     3 |     2 |       |     3 |     4 ||    12
       Condenser vane    |       |       |       |       |       |     1 |     1 |     3 |       ||     5
       Box of beasts     |       |       |       |       |       |       |       |     1 |       ||     1
  Use: Scroll            |       |       |    10 |    11 |    14 |    11 |     6 |    18 |     9 ||    79
       Potion            |       |       |       |     2 |       |     3 |     3 |     6 |     3 ||    17
 Stab: Sleeping          |     2 |     9 |    12 |    10 |    24 |    28 |    20 |    20 |     3 ||   128
       Paralysed         |       |    23 |    66 |   104 |   144 |   102 |    93 |    85 |     3 ||   620
       Distracted        |       |       |       |     1 |     1 |     8 |    11 |    13 |     5 ||    39
       Petrified         |       |       |       |       |     2 |       |       |       |       ||     2
       Confused          |       |       |       |       |       |       |       |     1 |       ||     1
       Held in net/web   |       |       |       |       |       |       |       |       |     3 ||     3
Armor: Scale mail        |    43 |     5 |       |       |       |       |       |       |       ||    48
       Robe              |       |    14 |    47 |    25 |       |    43 |   123 |   327 |    79 ||   658
       Steam dragon scal |       |       |       |    17 |       |     6 |       |       |       ||    23
       Ring mail         |       |       |       |    95 |   231 |   129 |       |       |       ||   455
Dodge: Dodged            |    35 |    36 |    93 |   248 |   341 |   371 |   253 |   655 |   129 ||  2161
Block: Other             |       |       |       |       |    22 |       |       |       |       ||    22
       Buckler           |       |       |       |       |    84 |       |       |       |       ||    84
       Kite shield       |       |       |       |       |    98 |   352 |   336 |   724 |   164 ||  1674
